 Dungeon Crawl Stone Soup version 0.29.1-2-gbd0b4ee654 (webtiles) character file.

Game seed: 9382946648066918226

215 xian the Magician (level 6, 0/41 HPs)
             Began as a Djinni Venom Mage on Oct 26, 2022.
             Slain by a phantom (3 damage)
             ... on level 3 of the Dungeon.
             The game lasted 00:06:31 (3744 turns).

xian the Magician (Djinni Venom Mage)               Turns: 3744, Time: 00:06:31

Health: 0/41       AC:  3    Str:  7    XL:     6   Next: 15%
Gold:   166        EV: 13    Int: 18    God:
                   SH:  0    Dex: 14

rFire   + . .      SeeInvis .   b - +0 hand axe
rCold   . . .      Faith    .   (no shield)
rNeg    . . .      Spirit   .   a - +0 robe
rPois   ∞          Reflect  .   (no helmet)
rElec   .          Harm     .   o - +0 cloak
rCorr   .          Rampage  .   (no gloves)
Will    .....                   (boots unavailable)
Stlth   ++........              (no amulet)
HPRegen 0.13/turn               f - ring of ice
MPRegen 0.00/turn               (no ring)

@: flying
A: sickness immunity, fire resistance 2, cold vulnerability 1, float, innate
caster, HP casting, extra vitality 1
a: no special abilities


You were on level 3 of the Dungeon.
You visited 1 branch of the dungeon, and saw 3 of its levels.

You collected 166 gold pieces.

Inventory:

Hand Weapons
 b - a +0 hand axe (weapon)
Missiles
 g - 10 poisoned darts
 n - a throwing net
Armour
 a - a +0 robe (worn)
 o - a +0 cloak (worn)
Jewellery
 f - a ring of ice (left hand)
Scrolls
 c - 2 scrolls of teleportation {unknown}
 e - a scroll of identify {unknown}
 j - a scroll of torment {unknown}
 k - a scroll of acquirement {unknown}
 m - a scroll of amnesia {unknown}
 p - a scroll of poison {unknown}
 q - a scroll of blinking {unknown}
Potions
 d - 2 potions of degeneration {unknown}
 h - a potion of flight {unknown}
 i - 4 potions of lignification {unknown}
 l - a potion of haste {unknown}


   Skills:
 + Level 0.3 Fighting
 + Level 0.1 Axes
 + Level 3.0 Dodging
 + Level 2.1 Stealth
 + Level 4.4 Spellcasting


You couldn't memorise any spells.
You knew the following spells:

 Your Spells              Type           Power      Damage    Failure   Level
a - Sting                 Tmut/Pois      80%        1d7       2%          1
b - Poisonous Vapours     Pois/Air       40%        N/A       3%          2
c - Mephitic Cloud        Conj/Pois/Air  20%        N/A       7%          3
d - Olgreb's Toxic Radia  Pois           20%        N/A       22%         4
e - Magic Dart            Conj           80%        1d7       2%          1
f - Static Discharge      Conj/Air       20%        3-6/arc   3%          2
Your spell library was empty.

Dungeon Overview and Level Annotations

Branches:
Dungeon (3/15)

Altars:


Innate Abilities, Weirdness & Mutations

You are immune to sickness and miasma.
You are immune to poison.
Your flesh is very heat resistant. (rF++)
You are vulnerable to cold. (rC-)
You float through the air rather than walking.
You learn spells naturally, not from books.
Your magical power is your life essence.
You have superior vitality. (+4 MHP)


Message History

A phantom comes into view.
The sting hits the phantom.
The phantom partially resists.
The phantom is lightly damaged.
The sting hits the phantom.
The phantom is lightly damaged.
The sting hits the phantom.
The phantom partially resists.
The phantom is lightly damaged.
The phantom misses you.
The sting misses the phantom.
The phantom hits you.
The sting hits the phantom.
The phantom partially resists.
The phantom is moderately damaged.
The phantom hits you.
The phantom blinks!
You blink.
The sting hits the phantom.
The phantom is moderately damaged.
The phantom barely misses you.
The sting misses the phantom.
The phantom hits you.
The sting misses the phantom.
The phantom hits you but does no damage.
The sting misses the phantom.
The phantom hits you.
Casting: Sting (safe; 2% risk of failure)
Confirm with . or Enter, or press ? or * to list all spells.
You can't see any susceptible monsters within range! (Use Z to cast anyway.)
Casting: Sting (safe; 2% risk of failure)
Confirm with . or Enter, or press ? or * to list all spells.
The phantom is struck by an arc of lightning.
The phantom is heavily damaged.
You are struck by an arc of lightning.
The lightning grounds out.
The phantom hits you!
* * * LOW HITPOINT WARNING * * *
The phantom blinks!
You blink.
Casting: Static Discharge (safe; 3% risk of failure)
Confirm with . or Enter, or press ? or * to list all spells.
The phantom is struck by an arc of lightning.
The phantom is heavily damaged.
You are struck by an arc of lightning.
* * * LOW HITPOINT WARNING * * *
The lightning grounds out.
* * * LOW HITPOINT WARNING * * *
The phantom hits you.
You die...

....#
...........#.....
....#
#########..#...##
##... #..## #...
...# ###.## #..
#....# #. .##
#..#### ....###
##..# #....##.§#
#.@W§#
#....##.....#
####. .........
....#######.
..... ##....
#.### #.


You could see a phantom.

Vanquished Creatures
  Pargi (D:3)
  2 gnolls
  5 adders (D:2)
  A worm (D:2)
  A dart slug (D:1)
  9 endoplasms
  3 giant cockroaches
  5 goblins
  3 hobgoblins
  2 quokkas
  3 ball pythons
  4 bats
  9 frilled lizards (D:2)
  3 kobolds (D:2)
  5 rats
56 creatures vanquished.

Vanquished Creatures (others)
  5 plants (D:2)
5 creatures vanquished.

Grand Total: 61 creatures vanquished

Notes
Turn   | Place    | Note
-------+----------+-------------------------------------------
     0 | D:1      | xian the Djinni Venom Mage began the quest for the Orb.
     0 | D:1      | xian set off with the following spells memorised: Sting,
                  | Poisonous Vapours, Mephitic Cloud, Olgreb's Toxic Radiance.
     0 | D:1      | Reached XP level 1. HP: 15/15 MP: 0/0
   375 | D:1      | Reached XP level 2. HP: 16/21 MP: 0/0
   964 | D:1      | Reached skill level 3 in Spellcasting
   964 | D:1      | Reached XP level 3. HP: 11/25 MP: 0/0
   964 | D:1      | Learned a level 1 spell: Magic Dart
  1805 | D:2      | Reached XP level 4. HP: 29/31 MP: 0/0
  1904 | D:2      | HP: 1/31 [frilled lizard (2)]
  3120 | D:2      | Reached XP level 5. HP: 28/35 MP: 0/0
  3120 | D:2      | Learned a level 2 spell: Static Discharge
  3443 | D:3      | Noticed Pargi
  3455 | D:3      | Killed Pargi
  3456 | D:3      | Reached skill level 4 in Spellcasting
  3456 | D:3      | Reached XP level 6. HP: 9/41 MP: 0/0
  3744 | D:3      | Slain by a phantom

Illustrated notes

Levels and vault maps discovered:
D:1:      tarquinn_simple_flora_water_d, layout_basic
D:2:      layout_basic, nicolae_concentric_dashed_squares_wild,
          hex_intersection, minmay_lizard_king
D:3:      layout_rooms, basic_ecumenical_altar, uniq_pargi

Skill      XL: |  1  2  3  4  5 |
---------------+----------------+-----
Spellcasting   | 3 4 |  4.4
Stealth        | 2 |  2.1
Dodging        | 3 |  3.0
Fighting       | |  0.3
Axes           | |  0.1

Action                   |  1- 3 |  4- 6 || total
-------------------------+-------+-------++-------
Melee: Hand axe          |     5 |    10 ||    15
 Cast: Sting             |    45 |    85 ||   130
       Poisonous Vapours |     3 |     6 ||     9
       Magic Dart        |     3 |       ||     3
       Static Discharge  |       |     3 ||     3
Armor: Robe              |     4 |    14 ||    18
Dodge: Dodged            |    16 |    35 ||    51
